MWL (24 & UNDER)
CINCINNATI PRIDE @ MANHATTEN MEATHEADS
04/16/2027
 
TOP OF THE 1ST
Cincinnati Pride batting - Pitching for Manhatten Meatheads : RHP Dean Kell
Pitching: RHP Dean Kell
Batting: SHB Jaime Martínez 0-0: Swinging Strike
0-1: Ball
1-1: Ball
2-1: Ball
3-1: Swinging Strike
3-2: Foul Ball, location: 2F
3-2: Strikes out swinging
Batting: RHB Jorge Flores 0-0: Ball
1-0: Ball
2-0: Ground out 5-3 (Groundball, 56S)
Batting: LHB John Clark 0-0: Called Strike
0-1: Fly out, F4 (Popup, 3D)
Top of the 1st over - 0 run(s), 0 hit(s), 0 error(s), 0 left on base; Cincinnati 0 - Manhatten 0
BOTTOM OF THE 1ST
Manhatten Meatheads batting - Pitching for Cincinnati Pride : RHP José Bruschy
Pitching: RHP José Bruschy
Batting: SHB Cornell Payne 0-0: Ball
1-0: Hit by Pitch
Batting: RHB Denver Baker 0-0: Ball
Cornell Payne steals 2nd base
1-0: Fly out, F7 (Line Drive, 7)
Batting: LHB Juan Hernández 0-0: Ball
Cornell Payne steals 3rd base
1-0: Swinging Strike
Passed Ball!
Cornell Payne scores
1-1: Foul Ball, location: 2F
1-2: Ball
2-2: Ground out 6-3 (Groundball, 6MS)
Batting: RHB Adrián López 0-0: Ball
1-0: Called Strike
1-1: Ball
2-1: Foul Ball, location: 2F
2-2: Foul Ball, location: 2F
2-2: Strikes out swinging
Bottom of the 1st over - 1 run(s), 0 hit(s), 0 error(s), 0 left on base; Cincinnati 0 - Manhatten 1
TOP OF THE 2ND
Cincinnati Pride batting - Pitching for Manhatten Meatheads : RHP Dean Kell
Batting: RHB José Antonio Delgado 0-0: DOUBLE (Line Drive, 7LM)
Batting: RHB Keith Sheehan 0-0: Called Strike
0-1: Ball
1-1: Ball
2-1: Swinging Strike
2-2: Foul Ball, location: 2F
2-2: Ball
3-2: Strikes out swinging
Batting: RHB Francis Land 0-0: Foul Ball, location: 2F
0-1: Ball
1-1: Ball
2-1: Ball
3-1: Swinging Strike
3-2: Foul Ball, location: 2F
3-2: Strikes out swinging
Batting: RHB Francisco Domínguez 0-0: Ball
1-0: Ball
2-0: Called Strike
2-1: Ball
3-1: Base on Balls
Batting: RHB Gary Miller 0-0: Swinging Strike
0-1: Called Strike
0-2: Fly out, F8 (Flyball, 8LM)
Top of the 2nd over - 0 run(s), 1 hit(s), 0 error(s), 2 left on base; Cincinnati 0 - Manhatten 1
BOTTOM OF THE 2ND
Manhatten Meatheads batting - Pitching for Cincinnati Pride : RHP José Bruschy
Batting: RHB Craig Chapman 0-0: Ground out 5-3 (Groundball, 56S)
Batting: LHB Miguel Pérez 0-0: DOUBLE (Flyball, 7LM)
Batting: RHB José Esparza 0-0: Swinging Strike
0-1: Foul Ball, location: 2F
0-2: Ball
1-2: Ball
2-2: Strikes out looking
Batting: RHB Ramiro Santana 0-0: Ball
1-0: Ball
2-0: Foul Ball, location: 2F
2-1: Foul Ball, location: 2F
2-2: Ball
3-2: Strikes out swinging
Bottom of the 2nd over - 0 run(s), 1 hit(s), 0 error(s), 1 left on base; Cincinnati 0 - Manhatten 1
TOP OF THE 3RD
Cincinnati Pride batting - Pitching for Manhatten Meatheads : RHP Dean Kell
Batting: RHB Dave Crawford 0-0: Ball
1-0: SINGLE (Line Drive, 6D)
Batting: SHB Jaime Martínez 0-0: Foul Ball, location: 2F
0-1: Ball
1-1: Ball
2-1: Ball
3-1: SINGLE (Groundball, 4MD)
Dave Crawford to second
Batting: RHB Jorge Flores 0-0: Ball
1-0: Foul Ball, location: 2F
1-1: Foul Ball, location: 2F
1-2: Foul Ball, location: 2F
1-2: Ball
2-2: SINGLE (Groundball, 6D)
Dave Crawford to third
Jaime Martínez to second
Batting: LHB John Clark 0-0: Called Strike
0-1: Ball
1-1: SINGLE (Line Drive, 8LS)
Dave Crawford scores
Jaime Martínez to third
Jorge Flores to second
Runner from 3rd tries for Home, SAFE, no throw
Batting: RHB José Antonio Delgado 0-0: Called Strike
0-1: Fly out, F8 (Line Drive, 8RD)
Runner from 2nd tags up, SAFE at 3rd, no throw
Batting: RHB Keith Sheehan 0-0: Swinging Strike
0-1: Foul Ball, location: 2F
0-2: Foul Ball, location: 2F
0-2: Strikes out looking
Batting: RHB Francis Land 0-0: Ball
1-0: Fielders Choice at 2nd, 6-4 (Groundball, 6)
Top of the 3rd over - 2 run(s), 4 hit(s), 0 error(s), 1 left on base; Cincinnati 2 - Manhatten 1
BOTTOM OF THE 3RD
Manhatten Meatheads batting - Pitching for Cincinnati Pride : RHP José Bruschy
Batting: SHB António Ramírez 0-0: Called Strike
0-1: Ball
1-1: Swinging Strike
1-2: Fly out, F7 (Flyball, 7S)
Batting: SHB Cornell Payne 0-0: Ball
1-0: Foul Ball, location: 2F
1-1: Called Strike
1-2: Hit by Pitch
Batting: RHB Denver Baker 0-0: Ball
1-0: Ball
2-0: Called Strike
2-1: Foul Ball, location: 2F
2-2: Ball
3-2: Fly out, F8 (Line Drive, 78M)
Batting: LHB Juan Hernández 0-0: Ball
Cornell Payne is caught stealing 2nd base
Bottom of the 3rd over - 0 run(s), 0 hit(s), 0 error(s), 0 left on base; Cincinnati 2 - Manhatten 1
TOP OF THE 4TH
Cincinnati Pride batting - Pitching for Manhatten Meatheads : RHP Dean Kell
Batting: RHB Francisco Domínguez 0-0: Ball
1-0: Swinging Strike
1-1: Foul Ball, location: 2F
1-2: Strikes out looking
Batting: RHB Gary Miller 0-0: DOUBLE (Line Drive, 78M)
Batting: RHB Dave Crawford 0-0: Called Strike
0-1: Ball
1-1: Called Strike
1-2: Ball
2-2: Strikes out looking
Batting: SHB Jaime Martínez 0-0: Called Strike
0-1: Foul Ball, location: 2F
0-2: Strikes out swinging
Top of the 4th over - 0 run(s), 1 hit(s), 0 error(s), 1 left on base; Cincinnati 2 - Manhatten 1
BOTTOM OF THE 4TH
Manhatten Meatheads batting - Pitching for Cincinnati Pride : RHP José Bruschy
Batting: LHB Juan Hernández 0-0: Ball
1-0: Called Strike
1-1: Foul Ball, location: 2F
1-2: SINGLE (Groundball, 4S) (infield hit)
Batting: RHB Adrián López 0-0: Reached on error, E6 (Groundball, 6)
Juan Hernández to second
Batting: RHB Craig Chapman 0-0: Ball
1-0: Called Strike
1-1: SINGLE (Groundball, 6MD)
Juan Hernández to third
Adrián López to second
Batting: LHB Miguel Pérez 0-0: Ball
1-0: Foul Ball, location: 2F
1-1: Foul Ball, location: 2F
1-2: Ball
2-2: Strikes out swinging
Batting: RHB José Esparza 0-0: Foul Ball, location: 2F
0-1: Ball
1-1: Ball
2-1: Swinging Strike
2-2: Ball
3-2: Foul Ball, location: 2F
3-2: DOUBLE (Line Drive, 9LS)
Juan Hernández scores
Adrián López scores
Craig Chapman to third
Batting: RHB Ramiro Santana 0-0: Ball
1-0: Foul Ball, location: 2F
1-1: SINGLE (Groundball, 4MD)
Craig Chapman scores
José Esparza to third
Runner from 3rd tries for Home, SAFE, no throw
Batting: SHB António Ramírez 0-0: Called Strike
0-1: Ball
1-1: Foul Ball, location: 2F
1-2: Ball
Ramiro Santana steals 2nd base
2-2: Foul Ball, location: 2F
2-2: Ball
3-2: Foul Ball, location: 2F
3-2: Foul Ball, location: 2F
3-2: DOUBLE (Flyball, 7LM)
Ramiro Santana scores
Pitching: RHP Pedro Ayala
Batting: SHB Cornell Payne 0-0: Called Strike
0-1: Ground out 6-3 (Groundball, 6)
Batting: RHB Denver Baker 0-0: Ball
1-0: Ball
2-0: SINGLE (Line Drive, 56D)
António Ramírez to third
Runner from 3rd tries for Home, SAFE, no throw
Batting: LHB Juan Hernández 0-0: Foul Ball, location: 2F
0-1: Called Strike
0-2: Ball
1-2: Strikes out swinging
Bottom of the 4th over - 6 run(s), 6 hit(s), 1 error(s), 1 left on base; Cincinnati 2 - Manhatten 7
TOP OF THE 5TH
Cincinnati Pride batting - Pitching for Manhatten Meatheads : RHP Dean Kell
Batting: RHB Jorge Flores 0-0: Ball
1-0: Foul Ball, location: 2F
1-1: Called Strike
1-2: Foul Ball, location: 2F
1-2: Foul Ball, location: 2F
1-2: Fly out, F7 (Flyball, 78S)
Batting: LHB John Clark 0-0: Ball
1-0: Ball
2-0: Ball
3-0: Called Strike
3-1: Base on Balls
Batting: RHB José Antonio Delgado 0-0: Called Strike
0-1: Ball
1-1: Ball
2-1: Ball
3-1: Grounds into double play, 6-4-3 (Groundball, 6)
Top of the 5th over - 0 run(s), 0 hit(s), 0 error(s), 0 left on base; Cincinnati 2 - Manhatten 7
BOTTOM OF THE 5TH
Manhatten Meatheads batting - Pitching for Cincinnati Pride : RHP Pedro Ayala
Batting: RHB Adrián López 0-0: Ball
1-0: Called Strike
1-1: Foul Ball, location: 2F
1-2: Ground out 6-3 (Groundball, 6)
Batting: RHB Craig Chapman 0-0: Ball
1-0: Called Strike
1-1: Ball
2-1: Ball
3-1: Base on Balls
Batting: LHB Miguel Pérez 0-0: Called Strike
0-1: Called Strike
0-2: Ball
1-2: Fly out, F6 (Line Drive, 6)
Batting: RHB José Esparza 0-0: Ball
1-0: Swinging Strike
1-1: Ball
2-1: SINGLE (Line Drive, 56D)
Craig Chapman to second
Batting: RHB Ramiro Santana 0-0: Ball
1-0: Foul Ball, location: 2F
1-1: Foul Ball, location: 2F
1-2: Foul Ball, location: 2F
1-2: Strikes out swinging
Bottom of the 5th over - 0 run(s), 1 hit(s), 0 error(s), 2 left on base; Cincinnati 2 - Manhatten 7
TOP OF THE 6TH
Cincinnati Pride batting - Pitching for Manhatten Meatheads : RHP Dean Kell
Pitching: RHP Jesús Medina
Batting: RHB Keith Sheehan 0-0: Ground out 6-3 (Groundball, 56D)
Batting: RHB Francis Land 0-0: Called Strike
0-1: Swinging Strike
0-2: Ball
1-2: Strikes out swinging
Batting: RHB Francisco Domínguez 0-0: Ball
1-0: Called Strike
1-1: SINGLE (Line Drive, 6MD)
Batting: RHB Gary Miller 0-0: Fielders Choice at 2nd, 6-4 (Groundball, 6)
Top of the 6th over - 0 run(s), 1 hit(s), 0 error(s), 0 left on base; Cincinnati 2 - Manhatten 7
BOTTOM OF THE 6TH
Manhatten Meatheads batting - Pitching for Cincinnati Pride : RHP Pedro Ayala
Batting: SHB António Ramírez 0-0: Ball
1-0: Ball
2-0: Ball
3-0: Base on Balls
Batting: SHB Cornell Payne 0-0: Ball
António Ramírez steals 2nd base
1-0: Ball
2-0: Ball
3-0: Called Strike
3-1: Base on Balls
Batting: RHB Denver Baker 0-0: Ball
1-0: Ball
2-0: Called Strike
2-1: Fly out, F4 (Popup, 4D)
Pitching: LHP Jon Bridges
Batting: LHB Juan Hernández 0-0: Foul Ball, location: 2F
0-1: Ball
1-1: Foul Ball, location: 2F
1-2: Ball
2-2: Ball
3-2: Foul Ball, location: 2F
3-2: Base on Balls
António Ramírez to third
Cornell Payne to second
Batting: RHB Adrián López 0-0: Foul Ball, location: 2F
0-1: SINGLE (Flyball, 8RS)
António Ramírez scores
Cornell Payne to third
Juan Hernández to second
Runner from 3rd tries for Home, throw and OUT!
Batting: RHB Craig Chapman 0-0: Swinging Strike
0-1: Ball
1-1: Ball
2-1: Ball
3-1: Base on Balls
Juan Hernández to third
Adrián López to second
Batting: LHB Miguel Pérez 0-0: Ball
1-0: SINGLE (Line Drive, 6MD)
Juan Hernández scores
Adrián López to third
Craig Chapman to second
Runner from 3rd tries for Home, SAFE, no throw
Batting: RHB José Esparza 0-0: Ball
1-0: Called Strike
1-1: Ball
2-1: Ball
3-1: Fielders Choice at 2nd, 5-4 (Groundball, 56)
Bottom of the 6th over - 3 run(s), 2 hit(s), 0 error(s), 1 left on base; Cincinnati 2 - Manhatten 10
TOP OF THE 7TH
Cincinnati Pride batting - Pitching for Manhatten Meatheads : RHP Jesús Medina
Batting: RHB Dave Crawford 0-0: Called Strike
0-1: Ball
1-1: DOUBLE (Line Drive, 89M)
Batting: SHB Jaime Martínez 0-0: SINGLE (Line Drive, 8LS)
Dave Crawford to third
Batting: RHB Jorge Flores 0-0: Ball
1-0: Fly out, F8 (Flyball, 8LM)
Runner from 3rd tags up, SCORES, no throw
Batting: LHB John Clark 0-0: SINGLE (Line Drive, 9LS)
Jaime Martínez to second
Batting: RHB José Antonio Delgado 0-0: Ball
1-0: Grounds into double play, 6-4-3 (Groundball, 6)
Top of the 7th over - 1 run(s), 3 hit(s), 0 error(s), 1 left on base; Cincinnati 3 - Manhatten 10
BOTTOM OF THE 7TH
Manhatten Meatheads batting - Pitching for Cincinnati Pride : LHP Jon Bridges
Batting: RHB Ramiro Santana 0-0: Ball
1-0: Swinging Strike
1-1: Fly out, F9 (Flyball, 9LM)
Batting: SHB António Ramírez 0-0: Ball
1-0: Foul Ball, location: 2F
1-1: SINGLE (Line Drive, 56D)
Batting: SHB Cornell Payne 0-0: Ball
1-0: Ball
2-0: Called Strike
2-1: SINGLE (Groundball, 34D)
António Ramírez to second
Runner from 2nd tries for 3rd, SAFE, throw made to third
Cornell Payne to second
Batting: RHB Denver Baker 0-0: Ball
1-0: Called Strike
1-1: Swinging Strike
1-2: Ball
2-2: Hit by Pitch
Batting: LHB Juan Hernández 0-0: Called Strike
0-1: Ball
1-1: Foul Ball, location: 2F
1-2: Ball
2-2: Foul Ball, location: 2F
2-2: DOUBLE (Line Drive, 9LM)
António Ramírez scores
Cornell Payne scores
Denver Baker to third
Runner from 3rd tries for Home, SAFE, throw made home
Pitching: RHP Sam Mathis
Batting: RHB Adrián López 0-0: Called Strike
Juan Hernández steals 3rd base
0-1: Foul Ball, location: 2F
0-2: SINGLE (Groundball, 6D)
Juan Hernández scores
Batting: RHB Craig Chapman 0-0: Foul Ball, location: 2F
0-1: Ball
1-1: Foul Ball, location: 2F
1-2: Strikes out swinging
Batting: LHB Miguel Pérez 0-0: Ball
1-0: Called Strike
1-1: Fly out, F8 (Flyball, 89D)
Bottom of the 7th over - 4 run(s), 4 hit(s), 0 error(s), 1 left on base; Cincinnati 3 - Manhatten 14
TOP OF THE 8TH
Cincinnati Pride batting - Pitching for Manhatten Meatheads : RHP Jesús Medina
Now at C: Hidalgo García
Batting: RHB Keith Sheehan 0-0: Ball
1-0: Called Strike
1-1: Ball
2-1: Ball
3-1: Ground out U3 (Groundball, 3)
Batting: RHB Francis Land 0-0: Swinging Strike
0-1: Ball
1-1: Swinging Strike
1-2: Ground out 6-3 (Groundball, 56)
Batting: RHB Francisco Domínguez 0-0: Ball
1-0: Ball
2-0: Foul Ball, location: 2F
2-1: Ball
3-1: Base on Balls
Batting: RHB Gary Miller 0-0: Called Strike
0-1: Ball
1-1: Ball
2-1: Fielders Choice at 2nd, 5-4 (Groundball, 5)
Top of the 8th over - 0 run(s), 0 hit(s), 0 error(s), 0 left on base; Cincinnati 3 - Manhatten 14
BOTTOM OF THE 8TH
Manhatten Meatheads batting - Pitching for Cincinnati Pride : RHP Sam Mathis
Batting: RHB José Esparza 0-0: Called Strike
0-1: Fly out, F7 (Flyball, 7LD)
Batting: RHB Ramiro Santana 0-0: Ball
1-0: Ball
2-0: Called Strike
2-1: Foul Ball, location: 2F
2-2: Ball
3-2: Foul Ball, location: 2F
3-2: Foul Ball, location: 2F
3-2: Foul Ball, location: 2F
3-2: Foul Ball, location: 2F
3-2: Base on Balls
Batting: SHB António Ramírez 0-0: Ball
1-0: Ball
2-0: Foul Ball, location: 2F
2-1: Ball
3-1: Fly out, F7 (Flyball, 7)
Batting: SHB Cornell Payne 0-0: Fielders Choice at 2nd, 6-4 (Groundball, 6)
Bottom of the 8th over - 0 run(s), 0 hit(s), 0 error(s), 0 left on base; Cincinnati 3 - Manhatten 14
TOP OF THE 9TH
Cincinnati Pride batting - Pitching for Manhatten Meatheads : RHP Jesús Medina
Batting: RHB Dave Crawford 0-0: Called Strike
0-1: Called Strike
0-2: Ground out 6-3 (Groundball, 6)
Batting: SHB Jaime Martínez 0-0: Ground out 4-3 (Groundball, 34)
Batting: RHB Jorge Flores 0-0: Called Strike
0-1: Ball
1-1: Called Strike
1-2: Fly out, F8 (Flyball, 8RM)
Top of the 9th over - 0 run(s), 0 hit(s), 0 error(s), 0 left on base; Cincinnati 3 - Manhatten 14
Thursday, March 30th, 2017 - OOTP Baseball 17.12 Build 75